[Event "*** SCC Grand Prix: Titled Tuesday Blitz"]
[Site "Chess.com"]
[Date "2020.08.11"]
[Round "8"]
[White "chigorin28"]
[Black "TST2014"]
[Result "1-0"]
[WhiteElo "2442"]
[BlackElo "2513"]
[TimeControl "180+1"]
[EndTime "11:33:09 PDT"]
[Termination "chigorin28 won on time"]

1. e4 c5 2. Nf3 Nc6 3. c3 Nf6 4. e5 Nd5 5. d4 cxd4 6. cxd4 d6 7. exd6 Qxd6 8. Be2 g6 9. O-O Bg7 10. Nc3 O-O 11. Be3 Be6 12. Qd2 Nxc3 13. bxc3 Na5 14.
Bf4 Qd5 15. Ng5 Bf5 16. Bf3 Qd7 17. Rfe1 Rac8 18. Ne4 b6 19. Ng3 Be6 20. h4 Rfd8 21.
h5 Bf6 22. Ne4 Bg4 23. Qe2 Bxf3 24. Qxf3 Qf5 25. g4 Qd5 26. Nxf6+ exf6 27. Re8+ Rxe8 28. Qxd5 Rxc3 29. h6 Rc6 30. g5 fxg5 31. Bxg5 Rce6 32. Rc1 Kf8 33. Kg2 f6 34. Bf4 Kf7 35. Rc7+ Re7 36.
Rc8 g5 37. Bd6 Rd7 38. Rf8+ 1-0

[Event "*** SCC Grand Prix: Titled Tuesday Blitz"]
[Site "Chess.com"]
[Date "2020.08.11"]
[Round "8"]
[White "Firegrizzly"]
[Black "Leonid_Starozhilov"]
[Result "0-1"]
[WhiteElo "2564"]
[BlackElo "2703"]
[TimeControl "180+1"]
[EndTime "11:33:11 PDT"]
[Termination "Leonid_Starozhilov won by resignation"]

1. d4 Nf6 2. Nf3 g6 3. Nc3 Bg7 4. e4 d6 5. h3 O-O 6. Be2 c6 7.
O-O b5 8. e5 Ne8 9. a4 b4 10. Ne4 a5 11. Bf4 d5 12. Nc5 Nc7 13. Qd2 Nba6 14. Nb3 Ne6 15. Bh6 Nac7 16. Bxg7 Kxg7 17.
Nh2 f5 18. exf6+ exf6 19. c3 Qd6 20. f4 Ba6 21. f5 Bxe2 22. Qxe2 Ng5 23. fxg6 hxg6 24.
Nc5 bxc3 25. bxc3 Rae8 26. Qd3 Nce6 27. Nb3 Nf4 28. Rxf4 Qxf4 29. Nxa5 Re3 30. Qf1 Nxh3+ 31. gxh3 Rg3+ 32. Qg2 Rxg2+ 33. Kxg2 Qd2+ 34. Kh1 Qxc3 0-1

[Event "*** SCC Grand Prix: Titled Tuesday Blitz"]
[Site "Chess.com"]
[Date "2020.08.11"]
[Round "8"]
[White "Nafania1"]
[Black "floplover"]
[Result "1-0"]
[WhiteElo "2463"]
[BlackElo "2296"]
[TimeControl "180+1"]
[EndTime "11:33:13 PDT"]
[Termination "Nafania1 won by resignation"]

1. e4 c6 2. Nc3 d5 3. Nf3 Bg4 4. h3 Bxf3 5. Qxf3 Nf6 6. g3 e6 7. Bg2 Bc5 8. O-O Nbd7 9. d3 O-O 10. Na4 Be7 11. c4 b5 12. cxb5 cxb5 13. Nc3 b4 14. Na4 Rc8 15. Bf4 Qa5 16. b3 dxe4 17. dxe4 Ne5 18.
Qe2 Rfd8 19. Rfd1 h6 20. Rxd8+ Rxd8 21. Rd1 Rc8 22. Be3 Ned7 23. f4 Nc5 24. Rc1 Rc7 25.
Nxc5 Bxc5 26. Kh2 Bxe3 27. Rxc7 Qxc7 28. Qxe3 Nd7 29. Qd4 a5 30. e5 Kf8 31. Be4 Ke7 32. h4 Qc5 33. Qd2 Qc3 34. Qd6+ Kd8 35. Bc6 Qc2+ 36. Kh3 Qf5+ 37. g4 1-0

[Event "*** SCC Grand Prix: Titled Tuesday Blitz"]
[Site "Chess.com"]
[Date "2020.08.11"]
[Round "8"]
[White "Harsha_Bharathakoti"]
[Black "GoltsevDmitry2000"]
[Result "0-1"]
[WhiteElo "2828"]
[BlackElo "2632"]
[TimeControl "180+1"]
[EndTime "11:33:17 PDT"]
[Termination "GoltsevDmitry2000 won by resignation"]

1. e4 c5 2. c3 e6 3. d4 cxd4 4.
cxd4 d5 5. e5 Nc6 6. Nf3 Nge7 7. a3 Nf5 8. b4 a6 9. Bb2 Bd7 10. Bd3 g6 11. O-O h5 12. Nbd2 Rc8 13. Nb3 Na7 14. Nc5 Bxc5 15. dxc5 Bb5 16. Bc1 Qd7 17. Bg5 Bxd3 18. Qxd3 Qb5 19. Qd2 Kd7 20. Bf6 Rhf8 21. a4 Qc4 22. Rfc1 Qe4 23. Rc2 Nc6 24.
b5 Ncd4 25. Nxd4 Qxd4 26. Qc1 axb5 27. axb5 Ra8 28. c6+ bxc6 29. bxc6+ Kc7 30. Rb1 Rfb8 31. Rb7+ Kc8 32. Rxf7 Ra1 33. c7 Qd1+ 0-1

[Event "*** SCC Grand Prix: Titled Tuesday Blitz"]
[Site "Chess.com"]
[Date "2020.08.11"]
[Round "8"]
[White "a3aki"]
[Black "eightbyeightchess"]
[Result "0-1"]
[WhiteElo "2111"]
[BlackElo "2444"]
[TimeControl "180+1"]
[EndTime "11:33:18 PDT"]
[Termination "eightbyeightchess won by checkmate"]

1. e4 e6 2. d4 d5 3. Nc3 Nf6 4. Bg5 Be7 5. e5 Nfd7 6. h4 a6 7. Qg4 Bxg5 8. hxg5 c5 9. Nf3 Nc6 10. Bd3 cxd4 11. Nxd4 Ndxe5 12. Qf4 Nxd3+ 13. cxd3 Nxd4 14. Qxd4 Qxg5 15. g3 O-O 16. Ne2 e5 17. Qxd5 Be6 18.
Qf3 Rfd8 19. Rh5 Qg6 20. Rxe5 Rxd3 21. Re3 Rxe3 22. Qxe3 Rc8 23. Rc1 Rxc1+ 24. Qxc1 Qe4 25. Qc3 Bc4 26. Qe3 Qxe3 27. fxe3 Bxe2 28. Kxe2 h5 29.
Kd3 Kf8 30. Kd4 Ke7 31. Kc5 Ke6 32. Kb6 g5 33. Kxb7 h4 34. gxh4 gxh4 35. Kxa6 h3 36. b4 h2 37. b5 h1=Q 38. b6 Qa8+ 39. Kb5 Qxa2 40. b7 Qb3+ 41. Ka6 Kd7 42. e4 Kc7 43.
b8=Q+ Qxb8 44. e5 Qb6# 0-1

[Event "*** SCC Grand Prix: Titled Tuesday Blitz"]
[Site "Chess.com"]
[Date "2020.08.11"]
[Round "8"]
[White "Alopekos"]
[Black "TheMightyBishops"]
[Result "1-0"]
[WhiteElo "2273"]
[BlackElo "1998"]
[TimeControl "180+1"]
[EndTime "11:33:19 PDT"]
[Termination "Alopekos won by resignation"]

1. d4 d6 2. Nf3 Nd7 3. c4 e6 4.
Nc3 e5 5. g3 Ngf6 6. e4 c6 7. Bg2 Qc7 8. O-O h6 9. h3 g5 10. dxe5 dxe5 11. Be3 Be7 12. Qd2 Nf8 13. Rac1 Ng6 14. b4 Rg8 15. b5 Nf4 16. gxf4 gxf4 17. Bxf4 exf4 18. Kh2 h5 19. e5 Ng4+ 20. Kh1 Nxe5 21.
Qxf4 Bd6 22. Ne4 Rg6 23. Nxd6+ Qxd6 24. Nxe5 Rf6 25. Qg3 h4 26. Qg8+ Ke7 27. Rfe1 Be6 28. Qxa8 Rf5 29. Qxb7+ Kf6 30. Ng4+ Kg6 31. Qxc6 Qf4 32.
Rxe6+ f6 33. Rxf6+ Rxf6 34. Qxf6+ Qxf6 35. Nxf6 Kxf6 36. Rd1 Ke5 37. c5 a6 38. c6 axb5 39. c7 b4 40. c8=Q b3 41. Qb8+ Kf5 42. Qxb3 1-0

[Event "*** SCC Grand Prix: Titled Tuesday Blitz"]
[Site "Chess.com"]
[Date "2020.08.11"]
[Round "8"]
[White "Vsevolod_Ovchinnikov"]
[Black "KingChess345"]
[Result "1-0"]
[WhiteElo "2446"]
[BlackElo "2200"]
[TimeControl "180+1"]
[EndTime "11:33:21 PDT"]
[Termination "Vsevolod_Ovchinnikov won on time"]

1. d4 Nf6 2. c4 e6 3. g3 Bb4+ 4. Bd2 Qe7 5. Bg2 Bxd2+ 6. Qxd2 d5 7. Nf3 dxc4 8. O-O O-O 9. Na3 Rd8 10. Qc3 b6 11.
Ne5 Nd5 12. Qxc4 Bb7 13. Rfd1 Na6 14. Nc6 Bxc6 15. Qxc6 Nab4 16. Qc1 Rac8 17. Nc4 c5 18. a3 Na6 19. e4 cxd4 20. exd5 b5 21. Rxd4 exd5 22.
Qe3 Qf6 23. Nd2 Re8 24. Qf4 Qxf4 25. gxf4 Re2 26. Bf3 1-0

[Event "*** SCC Grand Prix: Titled Tuesday Blitz"]
[Site "Chess.com"]
[Date "2020.08.11"]
[Round "8"]
[White "alexrustemov"]
[Black "eljanov"]
[Result "1/2-1/2"]
[WhiteElo "2647"]
[BlackElo "2798"]
[TimeControl "180+1"]
[EndTime "11:33:22 PDT"]
[Termination "Game drawn by agreement"]

1. d4 Nf6 2. c4 e6 3. Nf3 b6 4.
a3 Bb7 5. Nc3 d5 6. Bg5 Be7 7.
Bxf6 Bxf6 8. cxd5 exd5 9. Qa4+ Qd7 10. e3 Qxa4 11. Nxa4 Nd7 12. Rc1 Rc8 13. b4 c6 14.
Bd3 Be7 15. Kd2 b5 16. Nc5 Nxc5 17. dxc5 a5 18. Nd4 Ra8 19. Rc2 axb4 20. axb4 Kd7 21. Rb1 g6 22. Bxb5 cxb5 23. c6+ Bxc6 24. Nxc6 Bd6 25. Nd4 Rhb8 26. h3 Ra4 27. Kd3 Rb6 28. Rb3 Rxb4 29. Rxb4 Bxb4 30. Rb2 Be1 31. Ke2 Bc3 32.
Rxb5 Rxb5 33. Nxb5 Bb2 34. Kd3 h5 1/2-1/2

[Event "*** SCC Grand Prix: Titled Tuesday Blitz"]
[Site "Chess.com"]
[Date "2020.08.11"]
[Round "8"]
[White "Tactictic"]
[Black "Lenyas66"]
[Result "0-1"]
[WhiteElo "2371"]
[BlackElo "2487"]
[TimeControl "180+1"]
[EndTime "11:33:22 PDT"]
[Termination "Lenyas66 won by resignation"]

1. e4 c5 2. Nf3 e6 3. d4 cxd4 4. Nxd4 Nc6 5. Nc3 a6 6. Nxc6 bxc6 7. Bd3 d5 8. O-O Nf6 9. Re1 Bc5 10. e5 Nd7 11.
Qg4 g6 12. Bh6 Rb8 13. Rab1 Rb4 14. Qg3 Qh4 15. Bd2 Qxg3 16. hxg3 Rb8 17. Na4 Ba7 18. c4 Nc5 19. Nxc5 Bxc5 20. Rec1 Bd4 21. b4 Bxe5 22.
cxd5 cxd5 23. Rc6 Bb7 24. Bc3 Bxc3 25. Rxc3 Kd7 26. b5 Rhc8 27. Ra3 axb5 28. Bxb5+ Bc6 29. Bxc6+ Kxc6 30. Ra6+ Kd7 31. Ra7+ Rc7 32. Rxc7+ Kxc7 33. Rc1+ Kd6 34. Rc3 Ra8 35. a3 d4 36. Rb3 Ra7 37. f3 Kc5 38. Kf2 Kc4 39. Rb4+ Kc3 40. Rb8 Rxa3 41.
Rf8 Ra2+ 42. Ke1 d3 43. Rxf7 Ra1+ 44. Kf2 d2 45. Rc7+ Kb4 46. Rb7+ Kc5 47. Rc7+ Kd6 0-1

[Event "*** SCC Grand Prix: Titled Tuesday Blitz"]
[Site "Chess.com"]
[Date "2020.08.11"]
[Round "8"]
[White "londonkid"]
[Black "Terao90"]
[Result "0-1"]
[WhiteElo "2443"]
[BlackElo "2346"]
[TimeControl "180+1"]
[EndTime "11:33:23 PDT"]
[Termination "Terao90 won by checkmate"]

1. d4 Nf6 2. c4 e6 3. Nf3 Bb4+ 4. Nbd2 O-O 5. g3 b6 6. Bg2 Bb7 7. O-O a5 8. a3 Be7 9. b3 d5 10. Ne5 Nbd7 11. Nxd7 Qxd7 12. Bb2 Rfd8 13. Qc2 Rac8 14. c5 Qb5 15. Nf3 bxc5 16. dxc5 Qxc5 17. Qd2 Ne4 18.
Qf4 Qb6 19. Rab1 c5 20. Ne5 Bf6 21. Bxe4 dxe4 22. Nc4 Qc7 23. Qxc7 Rxc7 24. Bxf6 gxf6 25. Nxa5 Bd5 26. Nc4 Bxc4 27. bxc4 Rd2 28. Rfe1 Ra7 29.
Rb5 Rxa3 30. Rxc5 Rc3 31. Rc8+ Kg7 32. Rb1 Rxe2 33. Rb7 e3 34. Rcc7 exf2+ 35. Kf1 Rc1+ 36. Kxe2 f1=Q+ 37. Kd2 Qe1+ 38. Kd3 Rc3+ 39. Kd4 Qe3# 0-1

[Event "*** SCC Grand Prix: Titled Tuesday Blitz"]
[Site "Chess.com"]
[Date "2020.08.11"]
[Round "8"]
[White "kasparicy"]
[Black "parintele_chess"]
[Result "1-0"]
[WhiteElo "2346"]
[BlackElo "2114"]
[TimeControl "180+1"]
[EndTime "11:33:24 PDT"]
[Termination "kasparicy won by checkmate"]

1. e4 e6 2. d4 d5 3. Nd2 dxe4 4. Nxe4 Nf6 5. Nxf6+ Qxf6 6. Nf3 Nd7 7. Bg5 Qf5 8. Bd3 Qa5+ 9. Bd2 Qb6 10. O-O Be7 11.
Re1 Nf6 12. Qe2 Qxb2 13. Rab1 Qa3 14. Ne5 Qd6 15. Bb4 Qd8 16. Bb5+ Bd7 17. Bxd7+ Nxd7 18. Nxf7 Kxf7 19. Qxe6+ Ke8 20. Bxe7 Qc8 21. Bd6+ Kd8 22. Qe7# 1-0

[Event "*** SCC Grand Prix: Titled Tuesday Blitz"]
[Site "Chess.com"]
[Date "2020.08.11"]
[Round "8"]
[White "Khvicha_Supatashvili"]
[Black "Ranindu2003"]
[Result "1-0"]
[WhiteElo "2717"]
[BlackElo "2603"]
[TimeControl "180+1"]
[EndTime "11:33:25 PDT"]
[Termination "Khvicha_Supatashvili won by resignation"]

1. d4 Nf6 2. Nf3 e6 3. c4 d5 4. Nc3 a6 5. cxd5 exd5 6. Bg5 Be6 7. e3 Nbd7 8. Bd3 Bd6 9. Bf4 Qe7 10. O-O O-O 11. Qc2 g6 12. Bg5 c5 13. e4 cxd4 14.
Nxd4 Be5 15. Nxe6 Qxe6 16. Rfe1 Rac8 17. exd5 Nxd5 18. Rad1 Qg4 19. Bd2 Qh5 20. g3 Nb4 21. Qb1 Nxd3 22. Qxd3 Nc5 23. Qe2 Rfe8 24. Qxh5 gxh5 25.
Nd5 Nd3 26. Re4 Bf6 27. Nxf6+ 1-0

[Event "*** SCC Grand Prix: Titled Tuesday Blitz"]
[Site "Chess.com"]
[Date "2020.08.11"]
[Round "8"]
[White "GMBenjaminBok"]
[Black "Azeryahu"]
[Result "1-0"]
[WhiteElo "2916"]
[BlackElo "2785"]
[TimeControl "180+1"]
[EndTime "11:33:26 PDT"]
[Termination "GMBenjaminBok won on time"]

1. d4 g6 2. c4 Bg7 3. Nf3 d6 4. g3 Nc6 5. Bg2 e5 6. dxe5 Nxe5 7. O-O Nxf3+ 8. Bxf3 Ne7 9. Nc3 O-O 10. Bf4 Nc6 11. Bg2 Be6 12. Nd5 a5 13. Qd2 Re8 14. Rac1 Bxd5 15. cxd5 Nb4 16. a3 Na6 17. b4 axb4 18.
axb4 Nb8 19. Rc4 Nd7 20. Rfc1 Rc8 21. Qc2 Ne5 22. Rxc7 Rxc7 23. Qxc7 Qf6 24. Qxb7 Ng4 25. Rc8 1-0

[Event "*** SCC Grand Prix: Titled Tuesday Blitz"]
[Site "Chess.com"]
[Date "2020.08.11"]
[Round "8"]
[White "Quiet_Desperation"]
[Black "Rubinstein_Akiba"]
[Result "0-1"]
[WhiteElo "2282"]
[BlackElo "2455"]
[TimeControl "180+1"]
[EndTime "11:33:26 PDT"]
[Termination "Rubinstein_Akiba won by resignation"]

1. Nf3 d5 2. b3 Nf6 3. e3 Nbd7 4. Bb2 g6 5. c4 c6 6. Be2 Bg7 7.
O-O O-O 8. d3 Re8 9. cxd5 cxd5 10. Nbd2 e5 11. b4 b6 12. d4 e4 13. Ne1 Nf8 14.
Rc1 Bd7 15. a4 a5 16. b5 Qe7 17. Qb3 Ne6 18. Ba3 Qd8 19. Bd6 Rc8 20. Nc2 Nf8 21. Be5 Be6 22. Na3 N8d7 23. Bg3 Qe7 24. Rc6 Bf8 25. Rfc1 Rxc6 26. bxc6 Qxa3 27. Qxa3 Bxa3 28. Ra1 Bb4 29. cxd7 Bxd7 30. Nf1 Rc8 31. Bb5 Bxb5 32. axb5 Ne8 33. h4 Bd6 34. Be5 f6 35. Bxd6 Nxd6 36. Ng3 Rc4 0-1

[Event "*** SCC Grand Prix: Titled Tuesday Blitz"]
[Site "Chess.com"]
[Date "2020.08.11"]
[Round "8"]
[White "ChessAurochs"]
[Black "nrvisakh"]
[Result "1/2-1/2"]
[WhiteElo "2598"]
[BlackElo "2773"]
[TimeControl "180+1"]
[EndTime "11:33:27 PDT"]
[Termination "Game drawn by repetition"]

1. e4 c6 2. d4 d5 3. e5 Bf5 4. Nf3 e6 5. Be2 c5 6. Be3 a6 7. dxc5 Nd7 8. b4 Ne7 9. c3 Ng6 10. Nd4 Bxb1 11. Rxb1 Ndxe5 12. O-O Be7 13. f4 Nc4 14.
Bxc4 dxc4 15. Qe2 O-O 16. Qxc4 Bf6 17. f5 exf5 18. Nxf5 Qc7 19. Bd4 Be5 20. Rbe1 Rae8 21. Bxe5 Rxe5 22. Nd6 Rxe1 23. Rxe1 b6 24. h4 bxc5 25.
bxc5 Rd8 26. h5 Nf8 27. Qd5 Ne6 28. Rxe6 fxe6 29. Qxe6+ Kf8 30. Qf5+ Kg8 31. Qd5+ Kf8 32. Qf5+ Kg8 33. Qe6+ Kf8 34. Qf5+ 1/2-1/2

[Event "*** SCC Grand Prix: Titled Tuesday Blitz"]
[Site "Chess.com"]
[Date "2020.08.11"]
[Round "8"]
[White "Shubinkirill2003"]
[Black "Jumbo"]
[Result "0-1"]
[WhiteElo "2667"]
[BlackElo "2871"]
[TimeControl "180+1"]
[EndTime "11:33:27 PDT"]
[Termination "Jumbo won by checkmate"]

1. e4 c5 2. Nf3 d6 3. d4 cxd4 4.
Qxd4 Nf6 5. Bb5+ Bd7 6. c4 Bxb5 7. cxb5 Nbd7 8. Nc3 g6 9. O-O Bg7 10. Be3 O-O 11. Qd2 Qb8 12. Rac1 Rc8 13. a4 Nc5 14. Bxc5 Rxc5 15. b4 Rc4 16. Nd5 Rxc1 17.
Rxc1 Qd8 18. Nxf6+ Bxf6 19. Qc2 a5 20. bxa6 bxa6 21. h4 Rb8 22. Qc4 Qd7 23. Qxa6 Rxb4 24. Rc8+ Kg7 25. Qa8 Rb1+ 26. Kh2 Qg4 27. Rg8+ Kh6 28.
Qf8+ Kh5 29. Qxf7 h6 30. Qd5+ Be5+ 31. Nxe5 Qxh4# 0-1

[Event "*** SCC Grand Prix: Titled Tuesday Blitz"]
[Site "Chess.com"]
[Date "2020.08.11"]
[Round "8"]
[White "ChessWarrior7197"]
[Black "LyonBeast"]
[Result "1-0"]
[WhiteElo "2924"]
[BlackElo "3017"]
[TimeControl "180+1"]
[EndTime "11:33:28 PDT"]
[Termination "ChessWarrior7197 won by resignation"]

1. e4 c6 2. d4 d5 3. exd5 cxd5 4. Bd3 Nf6 5. c3 Bg4 6. Qb3 Qb6 7. h3 Bh5 8. Qxb6 axb6 9. Na3 e6 10. Nb5 Kd7 11. g4 Bg6 12. Nf3 Nc6 13. Bxg6 hxg6 14. Ng5 Nxg4 15. Nxf7 Rh5 16. Rg1 Nf6 17. Ng5 e5 18. dxe5 Nxe5 19. Ke2 Re8 20. Be3 Bc5 21.
b3 Bxe3 22. fxe3 Neg4 23. hxg4 Rxg5 24. Rad1 Re4 25. c4 Nxg4 26. Rg3 Rge5 27. Rxd5+ Rxd5 28. cxd5 Ne5 29. Rg5 Ng4 30. Kf3 Nf6 31. Rxg6 Re7 32. Nc3 Kd6 33. e4 Kc5 34. Ke3 b5 35. a3 Nd7 36.
Rg5 Ne5 37. Ne2 g6 38. Nd4 b4 39. axb4+ Kxb4 40. d6 Re8 41. Rxe5 1-0

[Event "*** SCC Grand Prix: Titled Tuesday Blitz"]
[Site "Chess.com"]
[Date "2020.08.11"]
[Round "8"]
[White "SilviusTiberius"]
[Black "djano"]
[Result "1-0"]
[WhiteElo "2526"]
[BlackElo "2420"]
[TimeControl "180+1"]
[EndTime "11:33:28 PDT"]
[Termination "SilviusTiberius won on time"]

1. e4 e5 2. Nf3 Nc6 3. Bb5 Nf6 4. O-O Nxe4 5. Re1 Nd6 6. Nxe5 Be7 7. Bf1 O-O 8. d4 Nf5 9. Nf3 d5 10. Nc3 Bf6 11. Ne2 Re8 12. c3 Nce7 13. Nf4 c6 14. Nh5 Ng6 15. Nxf6+ gxf6 16. g3 Nd6 17. Rxe8+ Qxe8 18. Ne1 f5 19. Nd3 Ne4 20. Bf4 b6 21. f3 Nf6 22. Qd2 Bb7 23. Re1 Qf8 24. Bh6 Qd6 25.
Bh3 Bc8 26. Qg5 Bd7 27. Bxf5 Re8 28. Bxd7 Rxe1+ 29. Nxe1 Nxd7 30. Qd8+ Ngf8 31. Bxf8 Qe6 32. Bh6+ 1-0

[Event "*** SCC Grand Prix: Titled Tuesday Blitz"]
[Site "Chess.com"]
[Date "2020.08.11"]
[Round "8"]
[White "sodastream007"]
[Black "Thipsay"]
[Result "1-0"]
[WhiteElo "2252"]
[BlackElo "2472"]
[TimeControl "180+1"]
[EndTime "11:33:28 PDT"]
[Termination "sodastream007 won by resignation"]

1. d4 Nf6 2. c4 g6 3. Nc3 Bg7 4. e4 d6 5. Be2 O-O 6. Be3 Nbd7 7.
g4 e5 8. d5 Nc5 9. Bf3 a5 10. h4 c6 11. g5 Ne8 12. dxc6 Ne6 13.
cxb7 Bxb7 14. Nge2 f6 15. Bg4 f5 16. Bh3 a4 17. Nd5 a3 18. b3 Nf4 19. Nexf4 exf4 20. Bxf4 fxe4 21. Be6+ Kh8 22. h5 Bxd5 23. Bxd5 Rxf4 24.
hxg6 Bc3+ 25. Ke2 Ra7 26. Qc1 Be5 27. Qe3 Rg7 28. Rh5 Rxg6 29. Rah1 Qe7 30. Qh3 Rg7 31. g6 Rxf2+ 32. Kxf2 Qf6+ 33. Rf5 Qxg6 34. Rf8+ 1-0

[Event "*** SCC Grand Prix: Titled Tuesday Blitz"]
[Site "Chess.com"]
[Date "2020.08.11"]
[Round "8"]
[White "vladislavkovalev"]
[Black "GukeshDommaraju"]
[Result "1-0"]
[WhiteElo "2888"]
[BlackElo "2673"]
[TimeControl "180+1"]
[EndTime "11:33:29 PDT"]
[Termination "vladislavkovalev won on time"]

1. e4 c5 2. Be2 Nc6 3. d3 e6 4.
f4 g6 5. Nf3 Bg7 6. c3 d6 7.
O-O Nge7 8. Be3 O-O 9. d4 cxd4 10. cxd4 f5 11. e5 Nd5 12. Bc1 dxe5 13. dxe5 Qb6+ 14. Kh1 Ne3 15. Bxe3 Qxe3 16. Qd2 Qxd2 17. Nbxd2 Bh6 18. g3 g5 19. fxg5 Bg7 20. Nc4 b5 21. Nd6 Nxe5 22.
Rac1 Rd8 23. Rfd1 Ng4 24. Kg1 Bxb2 25. Rc7 Ne3 26. Rd2 Ba3 27. Nxf5 Rxd2 28. Nh6+ Kh8 29. Nxd2 Nf5 30. Bf3 Rb8 31. Ne4 Bf8 32. Nf6 Ne7 33. Nhg8 Bb7 34. Bxb7 1-0

[Event "*** SCC Grand Prix: Titled Tuesday Blitz"]
[Site "Chess.com"]
[Date "2020.08.11"]
[Round "8"]
[White "AttilaTurzo"]
[Black "Chessalary"]
[Result "1-0"]
[WhiteElo "2448"]
[BlackElo "2284"]
[TimeControl "180+1"]
[EndTime "11:33:31 PDT"]
[Termination "AttilaTurzo won by resignation"]

1. e4 c5 2. Nf3 d6 3. d4 cxd4 4. Nxd4 Nf6 5. Nc3 a6 6. Bg5 e6 7.
f4 Nbd7 8. Qf3 Qc7 9. O-O-O b5 10. a3 Bb7 11. g4 Rc8 12. Bxf6 Nxf6 13. g5 Nd7 14. Kb1 Be7 15. h4 Nc5 16. Rg1 O-O 17. h5 a5 18. Bxb5 Qb6 19. a4 d5 20. exd5 exd5 21.
Nxd5 Bxd5 22. Qxd5 Rfd8 23. Qe5 Bd6 24. Qf5 g6 25.
hxg6 hxg6 26. Qh3 Bf8 27. f5 Nxa4 28. fxg6 fxg6 29. Bxa4 Rb8 30. Bb3+ 1-0

[Event "*** SCC Grand Prix: Titled Tuesday Blitz"]
[Site "Chess.com"]
[Date "2020.08.11"]
[Round "8"]
[White "Caterpiller35"]
[Black "icychess54"]
[Result "1-0"]
[WhiteElo "2408"]
[BlackElo "2234"]
[TimeControl "180+1"]
[EndTime "11:33:31 PDT"]
[Termination "Caterpiller35 won by checkmate"]

1. e4 c5 2. Nc3 Nc6 3. Bb5 Qc7 4.
Nf3 e6 5. O-O Nf6 6. Qe2 Be7 7.
Bxc6 Qxc6 8. d4 cxd4 9. Nxd4 Qc5 10. Ndb5 O-O 11. Be3 Qb4 12. a3 Qa5 13. b4 Qa6 14. e5 Ne8 15. Bc5 Bxc5 16. bxc5 Qc6 17. Qe3 b6 18. cxb6 axb6 19. Rfd1 Ba6 20. a4 f6 21. Rd2 fxe5 22. Rad1 d6 23. Nxd6 Nxd6 24. Rxd6 Qc4 25.
Qxe5 Kh8 26. Rd7 Rac8 27. Qxg7# 1-0

[Event "*** SCC Grand Prix: Titled Tuesday Blitz"]
[Site "Chess.com"]
[Date "2020.08.11"]
[Round "8"]
[White "mjray79"]
[Black "Dvacetsekund"]
[Result "1-0"]
[WhiteElo "2359"]
[BlackElo "2145"]
[TimeControl "180+1"]
[EndTime "11:33:33 PDT"]
[Termination "mjray79 won by resignation"]

1. d4 d5 2. c4 e6 3. Nf3 Nf6 4. g3 Bb4+ 5. Bd2 Be7 6. Bg2 O-O 7. O-O c6 8. Qc2 b6 9. Bf4 Bb7 10. Nc3 Nh5 11. Bd2 Nf6 12. e4 dxe4 13. Nxe4 Nbd7 14.
Rfd1 Nxe4 15. Qxe4 Nf6 16. Qe2 c5 17. Bf4 cxd4 18.
Nxd4 Qc8 19. Bh3 Qc5 20. Rac1 Rad8 21. Be3 Rxd4 22. Bxd4 Qc6 23. f3 Qxf3 24. Qxf3 Bxf3 25. Rf1 Be4 26. Bg2 Rd8 27. Bxf6 Bc5+ 28. Kh1 Bxg2+ 29. Kxg2 Rd2+ 30. Kh1 gxf6 31. Rb1 f5 32. b4 Be3 33. Rf3 Bg5 34. a3 Be7 35. Rc1 Kg7 36. c5 bxc5 37. bxc5 Rd8 38. c6 Rc8 39. Rb3 Rc7 40. Rb7 Bd6 41.
Rxc7 Bxc7 42. Rd1 Kf6 43. Rd7 1-0

[Event "*** SCC Grand Prix: Titled Tuesday Blitz"]
[Site "Chess.com"]
[Date "2020.08.11"]
[Round "8"]
[White "Duong57"]
[Black "ethylalcohol"]
[Result "1-0"]
[WhiteElo "2329"]
[BlackElo "2183"]
[TimeControl "180+1"]
[EndTime "11:33:34 PDT"]
[Termination "Duong57 won on time"]

1. d4 Nf6 2. c4 g6 3. Nc3 Bg7 4. e4 d6 5. Nf3 O-O 6. Be2 Nc6 7. O-O e5 8. d5 Ne7 9. b4 a5 10. Ba3 axb4 11. Bxb4 b6 12. a4 Ne8 13. Nb5 Bd7 14.
a5 bxa5 15. Bxa5 h6 16. Bc3 Rxa1 17. Qxa1 f5 18. Nd2 fxe4 19. Nxe4 Nf5 20. c5 Qh4 21. Qb1 Bxb5 22. Bxb5 Nd4 23. Bxd4 exd4 24. cxd6 Nxd6 25. Nxd6 cxd6 26. Qxg6 Kh8 27. Bd3 Kg8 28. Qh7+ Kf7 29. Re1 Rh8 30. Qg6+ 1-0

[Event "*** SCC Grand Prix: Titled Tuesday Blitz"]
[Site "Chess.com"]
[Date "2020.08.11"]
[Round "8"]
[White "jacky72"]
[Black "rugbyclub"]
[Result "1/2-1/2"]
[WhiteElo "2568"]
[BlackElo "2196"]
[TimeControl "180+1"]
[EndTime "11:33:35 PDT"]
[Termination "Game drawn by stalemate"]

1. d4 Nf6 2. c4 e6 3. Nf3 d5 4.
Nc3 Bb4 5. cxd5 exd5 6. Bg5 h6 7.
Bh4 Nbd7 8. e3 c5 9. Bd3 c4 10. Bc2 Bxc3+ 11. bxc3 O-O 12. O-O Re8 13. Re1 Qa5 14.
Qd2 g5 15. Bxg5 hxg5 16. Nxg5 Ne4 17. Nxe4 dxe4 18. f3 Nf6 19. Rf1 Qg5 20. f4 Qg6 21. f5 Bxf5 22. Qf2 Ng4 23. Qxf5 Qxf5 24. Rxf5 Nxe3 25. Rf2 Nd5 26. Raf1 Re7 27. Rf5 Nxc3 28.
Rg5+ Kf8 29. Rh5 Kg7 30. Rg5+ Kh6 31. h4 Ne2+ 32. Kh2 Nxd4 33. Bd1 f5 34. g4 e3 35. gxf5 e2 36. Bxe2 Rxe2+ 37. Kh1 Rae8 38. f6 R8e4 39. f7 Rxh4+ 40. Kg1 Ne6 41. Rg8 Kh7 42. Rf6 Rd4 43. Kf1 Rxa2 44. Rxe6 Rf4+ 45. Kg1 Rxf7 46. Rg3 Rg7 47.
Rxg7+ Kxg7 48. Re7+ Kf6 49. Rxb7 Ke5 50. Kf1 Kd4 51. Ke1 Kc3 52. Rh7 a5 53. Rh3+ Kb4 54. Kd1 a4 55. Kc1 Rg2 56. Kb1 a3 57. Rf3 c3 58. Rf8 Rb2+ 59. Ka1 Kb3 60. Rb8+ Kc2 61. Rh8 Kd3 62. Rh3+ Kc4 63. Rxc3+ Kxc3 1/2-1/2

[Event "*** SCC Grand Prix: Titled Tuesday Blitz"]
[Site "Chess.com"]
[Date "2020.08.11"]
[Round "8"]
[White "marianokar"]
[Black "sertalzin"]
[Result "1-0"]
[WhiteElo "2429"]
[BlackElo "1846"]
[TimeControl "180+1"]
[EndTime "11:33:35 PDT"]
[Termination "marianokar won on time"]

1. e4 c6 2. d4 d5 3. exd5 cxd5 4. Bd3 Nc6 5. c3 g6 6. Nf3 Bf5 7. Be2 Nf6 8. O-O Bg7 9. Bf4 O-O 10. Nbd2 Ne4 11.
Re1 Nxd2 12. Qxd2 Re8 13. Bf1 Qd7 14. h3 b5 15. Bxb5 Qb7 16. Ba4 Bd7 17. Bxc6 Bxc6 18. Ne5 Bb5 19. a4 Ba6 20. b4 Qc8 21. Nd3 e6 22.
Nc5 Bc4 23. Bh6 Bh8 24. h4 e5 25. dxe5 Rxe5 26. Rxe5 Bxe5 27. Re1 Bh8 28. Be3 a5 29. b5 Qc7 30. Bd4 1-0

[Event "*** SCC Grand Prix: Titled Tuesday Blitz"]
[Site "Chess.com"]
[Date "2020.08.11"]
[Round "8"]
[White "VladimirBelous"]
[Black "PSvidler"]
[Result "0-1"]
[WhiteElo "2765"]
[BlackElo "2949"]
[TimeControl "180+1"]
[EndTime "11:33:36 PDT"]
[Termination "PSvidler won by resignation"]

1. c4 g6 2. Nf3 Bg7 3. Nc3 c5 4.
g3 Nc6 5. Bg2 d6 6. Rb1 Bf5 7.
d3 Qd7 8. O-O Nf6 9. a3 Bh3 10. b4 Bxg2 11. Kxg2 O-O 12. e4 Ng4 13.
Ne2 Nge5 14. Nxe5 Nxe5 15. Bb2 cxb4 16. axb4 b5 17. Bxe5 Bxe5 18. d4 Bg7 19. c5 dxc5 20.
dxc5 Qc7 21. Qc2 a5 22. bxa5 Rxa5 23. Nf4 e6 24. Rfd1 Rc8 25. c6 Bf8 26. Rbc1 Ra6 27.
Rd7 Qxc6 28. Qxc6 Raxc6 29. Rxc6 Rxc6 30. Nd3 Rd6 31. Rxd6 Bxd6 32. Kf3 Kf8 33. Ke3 Ke7 34. Kd4 Kd7 35. f4 Kc6 36. e5 Be7 37. g4 b4 38.
Kc4 b3 39. f5 gxf5 40. gxf5 exf5 41. Kxb3 Kd5 42. Kc2 Ke4 43. Kd2 f4 44. Ke2 f3+ 45. Kd2 Bg5+ 46. Kc2 Ke3 47. h4 Bxh4 0-1